 Dungeon Crawl Stone Soup version 0.21.1-1-g345015f (webtiles) character file.

115 infcreate the Shield-Bearer (level 4, -3/40 HPs)
             Began as a Minotaur Fighter on June 8, 2018.
             Killed from afar by Mesmaeker13's ghost (13 damage)
             ... with a puff of flame
             ... on level 3 of the Dungeon.
             The game lasted 00:14:21 (1953 turns).

infcreate the Shield-Bearer (Minotaur Fighter)      Turns: 1953, Time: 00:14:21

Health: -3/40      AC:  7    Str: 22    XL:     4   Next: 68%
Magic:  3/3        EV: 11    Int:  5    God:
Gold:   104        SH:  9    Dex:  9    Spells: 3/3 levels left

rFire    . . .     SeeInvis .   a - +0 war axe
rCold    . . .     Gourm    .   c - +0 shield
rNeg     . . .     Faith    .   b - +0 scale mail
rPois    .         Spirit   .   (helmet restricted)
rElec    .         Reflect  .   (no cloak)
rCorr    .         Harm     .   (no gloves)
MR       .....                  (no boots)
Stlth    ..........             (no amulet)
HPRegen  0.13/turn              g - +4 ring of evasion
MPRegen  0.08/turn              (no ring)

@: no status effects
A: retaliatory headbutt, horns 2
a: no special abilities


You were on level 3 of the Dungeon.
You were hungry.

You visited 1 branch of the dungeon, and saw 3 of its levels.

You collected 104 gold pieces.

Inventory:

Hand Weapons
 a - a +0 war axe (weapon)
Armour
 b - a +0 scale mail (worn)
 c - a +0 shield (worn)
Jewellery
 g - a +4 ring of evasion (left hand)
 i - an uncursed ring of ice
 m - an uncursed ring of fire
Scrolls
 h - a scroll of blinking {unknown}
 j - a scroll of remove curse {unknown}
 k - a scroll of enchant weapon {unknown}
 n - a scroll of teleportation {unknown}
 r - 2 scrolls of identify {unknown}
 t - a scroll of magic mapping {unknown}
Potions
 d - a potion of might
 e - a potion of lignification {unknown}
 l - a potion of flight {unknown}
 p - a potion of agility {unknown}
 q - a potion of ambrosia {unknown}
Books
 s - a book of Changes

   Spells                             Type                      Level
   a - Beastly Appendage              Transmutation                1
   b - Sticks to Snakes               Transmutation                2
   c - Spider Form                    Transmutation/Poison         3
   d - Ice Form                       Ice/Transmutation            4
   e - Blade Hands                    Transmutation                5
Comestibles
 f - 7 rations


   Skills:
 + Level 4.2 Fighting
 + Level 4.0 Axes
 + Level 4.4 Armour
 + Level 4.6 Shields


You had 3 spell levels left.
You didn't know any spells.

Dungeon Overview and Level Annotations

Branches:
Dungeon (3/15)

Altars:
Nemelex Xobeh
Vehumet

Annotations:
D:3 Mesmaeker13's ghost, amateur OpFE


Innate Abilities, Weirdness & Mutations

You reflexively headbutt those who attack you in melee.
You have a pair of horns on your head.


Message History

The puff of flame hits you!
You are too injured to fight recklessly!
You are too injured to fight recklessly!
You are too injured to fight recklessly!
You closely miss Mesmaeker13's ghost.
Your headbutt misses Mesmaeker13's ghost.
Mesmaeker13's ghost is almost destroyed.
Mesmaeker13's ghost hits you but does no damage.
You completely miss Mesmaeker13's ghost.
Mesmaeker13's ghost is almost destroyed.
Mesmaeker13's ghost stares at you.
Mesmaeker13's ghost casts a spell at you.
The puff of flame hits you!
* * * LOW HITPOINT WARNING * * *
You miss Mesmaeker13's ghost.
Mesmaeker13's ghost is almost destroyed.
You block Mesmaeker13's ghost's attack.
Mesmaeker13's ghost stares at you and mumbles some strange words.
The puff of flame hits you!
You die...

.#.# ..# #. #.### ##.#
#.#### ####.##..(# # #..
..# ...###.# ##..
####.#.#...##.# #...
..#.........#.# #...##
##...#.###.#.#†# #....
............#[#
####.#.######W..#.###.#.))#
............@...#.#?#.#...#
####.##.#####.#.#.###.#.###
#######.##.# #.#.........#
........##.# #.#.#.###.#.#
########...## #.#.........#
#..)..# #(####.#..###
#.....# ##.####.#..###
#.....# #>......>....#
##...## ..####|##...#


You could see Mesmaeker13's ghost.

Vanquished Creatures
  Terence (D:2)
  2 adders (D:3)
  2 worms (D:2)
  3 dart slugs
  2 leopard geckos (D:3)
  An orc (D:3)
  9 bats
  3 giant cockroaches
  7 goblins
  4 hobgoblins (D:1)
  A quokka (D:2)
  3 ball pythons
  3 frilled lizards
  7 kobolds
  11 rats
59 creatures vanquished.

Notes
Turn   | Place    | Note
-------+----------+-------------------------------------------
     0 | D:1      | infcreate the Minotaur Fighter began the quest for the Orb.
     0 | D:1      | Reached XP level 1. HP: 19/19 MP: 0/0
   129 | D:1      | Reached XP level 2. HP: 24/27 MP: 1/1
   501 | D:1      | Reached XP level 3. HP: 33/33 MP: 2/2
   827 | D:2      | Noticed Terence
   840 | D:2      | Killed Terence
   844 | D:2      | Found a radiant altar of Vehumet.
   989 | D:2      | Reached XP level 4. HP: 40/40 MP: 3/3
  1322 | D:3      | Found a sparkling altar of Nemelex Xobeh.
  1934 | D:3      | Noticed Mesmaeker13's ghost (amateur OpFE)
  1953 | D:3      | Killed from afar by Mesmaeker13's ghost

Skill      XL: |  1  2  3  4 |
---------------+-------------+-----
Shields        | 4 |  4.6
Armour         | 4 |  4.4
Axes           | 3 4 |  4.0
Fighting       | 4 |  4.2

Action                   |  1- 3 |  4- 6 || total
-------------------------+-------+-------++-------
Melee: War axe           |   101 |    61 ||   162
       Headbutt          |     7 |     6 ||    13
  Eat: Chunk             |       |     3 ||     3
Armor: Scale mail        |    36 |    18 ||    54
Dodge: Dodged            |    33 |    30 ||    63
Block: Shield            |    63 |    34 ||    97
